 Dungeon Crawl Stone Soup version 0.30-a0-728-gc68057be0a (webtiles) character file.

Game seed: 10025164133375926295

309 scionoferis the Shooter (level 5, -1/41 HPs)
             Began as a Demigod Hexslinger on Jan 30, 2023.
             Succumbed to a killer bee's poison
             ... on level 4 of the Dungeon.
             The game lasted 00:07:36 (2689 turns).

scionoferis the Shooter (Demigod Hexslinger)        Turns: 2689, Time: 00:07:37

Health: -1/41      AC:  3    Str: 11    XL:     5   Next: 95%
Magic:  7/9        EV: 13    Int: 15    God:
Gold:   230        SH:  0    Dex: 18    Spells: 5/6 levels left

rFire   . . .      SeeInvis .    b - +1 whip (freeze)
rCold   . . .      Faith    .    (no shield)
rNeg    . . .      Spirit   .    c - +0 robe
rPois   .          Reflect  .    (no helmet)
rElec   .          Harm     .    (no cloak)
rCorr   .          Rampage  .    j - +0 pair of gloves
Will    .....                    (no boots)
Stlth   ++                       (no amulet)
HPRegen 0.26/turn                (no ring)
MPRegen 0.11/turn                (no ring)

@: lethally poisoned (-1 -> -11)
A: high MP 1, forlorn, divine attributes
a: no special abilities


You were on level 4 of the Dungeon.
You visited 1 branch of the dungeon, and saw 4 of its levels.

You collected 230 gold pieces.


Innate Abilities, Weirdness & Mutations

You have an increased reservoir of magic. (+10% MP)
You shall have no god before yourself.
Your divine heritage dramatically boosts your attributes as you level up.


   Skills:
 + Level 2.3 Fighting
 * Level 3.7 Ranged Weapons
 * Level 3.6 Dodging
 + Level 2.1 Stealth
 - Level 1.0 Spellcasting
 - Level 2.6 Hexes


You had 5 spell levels left.
You knew the following spells:

 Your Spells              Type           Power      Damage    Failure   Level
a - Slow                  Hex            32%        N/A       9%          1

Your spell library contained the following spells:

 Spells                   Type           Power      Damage    Failure   Level
 Magic Dart               Conj           0%         1d3       24%         1
 Call Imp                 Summ           0%         N/A       36%         2
 Cigotuvi's Dreadful Rot  Necr/Pois/Air  0%         N/A       36%         2
 Poisonous Vapours        Pois/Air       0%         N/A       36%         2
 Scorch                   Fire           0%         2d5       36%         2
 Inner Flame              Hex/Fire       4%         N/A       38%         3
 Portal Projectile        Hex/Tloc       8%         N/A       38%         3
 Mephitic Cloud           Conj/Pois/Air  0%         N/A       58%         3
 Cause Fear               Hex            4%         N/A       63%         4
 Flame Wave               Conj/Fire      0%         2d4       94%         4
 Summon Cactus Giant      Summ           0%         N/A       100%        6

Inventory:

Hand Weapons
 a - a +0 arbalest
   (You found it on level 2 of the Dungeon)
 b - a +1 whip of freezing (weapon)
   (You took it off a kobold on level 2 of the Dungeon)
 f - a +0 dagger
   (You took it off a goblin on level 1 of the Dungeon)
 l - a +1 sling
Missiles
 e - a throwing net
 x - 3 poisoned darts
Armour
 c - a +0 robe (worn)
 j - a +0 pair of gloves (worn)
   (You found it on level 1 of the Dungeon)
 t - a +1 ring mail of fire resistance
   (You took it off Terence on level 3 of the Dungeon)
 u - a +0 cloak
   (You found it on level 3 of the Dungeon)
Scrolls
 g - a scroll of brand weapon
 i - 2 scrolls of amnesia {unknown}
 o - a scroll of fear
 p - 2 scrolls of teleportation {unknown}
 q - a scroll of enchant armour
 v - a scroll of magic mapping
 y - a scroll of butterflies {unknown}
Potions
 r - a potion of mutation {unknown}
 s - a potion of degeneration {unknown}
 w - a potion of flight {unknown}

Dungeon Overview and Level Annotations

Branches:
Dungeon (4/15)
 Temple: D:4-7

Shops:
D:2 ( D:4

[ #.....[.....#
+.. #.#.#.#####.#
##.
###.#.#.#####.# +.
..............# #.
.........####.# #.
########.#∩.##...#
.
............)....#
######.#...##.#.#
####@###.......#
#.yy## ##.###....
#.....#.# ..#
...... ####.. #.#
#.# #..#### #..
#.##.. ..# #..
..... #.# #.. ###
#.. #.[


You could see 2 killer bees.


Message History

The sling bullet hits the giant cockroach.
You kill the giant cockroach!
No target in view!
No target in view!
h - an inky potion A jackal comes into view.
You shoot a sling bullet. The sling bullet hits the jackal!
You kill the jackal!
No target in view!
A rat comes into view.
You see here a jackal corpse.
A rat is nearby!
You shoot a sling bullet.
The sling bullet closely misses the rat.
You shoot a sling bullet. The sling bullet barely misses the rat.
You shoot a sling bullet.
The sling bullet closely misses the rat.
The rat closely misses you. The rat bites you but does no damage.
You shoot a sling bullet. The sling bullet hits the rat.
You kill the rat!
No target in view!
As you open the door, it creaks loudly!
Found a whip.
There is an open door here.
You see here a jackal corpse.
A frilled lizard comes into view.
You shoot a sling bullet.
The sling bullet barely misses the frilled lizard.
You shoot a sling bullet.
The sling bullet hits the frilled lizard.
You kill the frilled lizard!
No target in view!
No target in view!
A goblin and a ball python come into view.
Found a dagger.
Found a stone staircase leading down.
The goblin shouts!
The ball python hisses angrily.
The ball python moves out of view.
You shoot a sling bullet.
The sling bullet barely misses the goblin.
You shoot a sling bullet.
The sling bullet closely misses the goblin.
The goblin hits you with a +0 club.
You shoot a sling bullet. The sling bullet hits the goblin.
The goblin is heavily wounded.
The goblin hits you with a +0 club. The ball python misses you.
The ball python closely misses you. The goblin hits you but does no damage.
You shoot a sling bullet. The sling bullet hits the goblin.
The goblin is severely wounded.
The ball python closely misses you. The ball python grabs you.
The ball python constricts you. The ball python barely misses you.
The ball python constricts you. The goblin hits you with a +0 club.
You shoot a sling bullet. The sling bullet hits the ball python.
You kill the ball python!
The goblin hits you with a +0 club.
You shoot a sling bullet. The sling bullet hits the goblin!
You kill the goblin!
No target in view!
No target in view!
No target in view!
HP restored.
There is a stone staircase leading down here.
A dart slug comes into view.
Found an escape hatch in the floor.
You shoot a sling bullet. The sling bullet hits the dart slug!
The dart slug is severely wounded.
You shoot a sling bullet. The sling bullet hits the dart slug!
You kill the dart slug!
No target in view!
No target in view!
i - a scroll labelled JAGHIPH HIRPHO
Found a robe.
You now have 36 gold pieces (gained 8).
A hobgoblin comes into view.
The hobgoblin shouts!
You shoot a sling bullet. The sling bullet hits the hobgoblin.
The hobgoblin is almost dead.
A bat comes into view.
The bat moves out of view.
You shoot a sling bullet. The sling bullet hits the hobgoblin.
You kill the hobgoblin!
You shoot a sling bullet. The sling bullet hits the bat.
You kill the bat!
No target in view!
No target in view!
You pick up a book of Scorching and begin reading...
You add the spells Scorch, Flame Wave and Summon Cactus Giant to your library.
Found a pair of gloves.
Found a bubbling emerald potion.
You see here a +0 pair of gloves.
j - a +0 pair of gloves You start putting on your armour.
You continue putting on your +0 pair of gloves. x4
You finish putting on your +0 pair of gloves.
You now have 54 gold pieces (gained 18).
k - a bubbling emerald potion A bat comes into view.
You shoot a sling bullet. The sling bullet hits the bat.
The bat is moderately wounded.
The bat hits you but does no damage.
You shoot a sling bullet. The sling bullet hits the bat.
You kill the bat!
No target in view!
No target in view!
A kobold comes into view. It is wielding a +0 club.
You shoot a sling bullet. The sling bullet hits the kobold.
You kill the kobold!
No target in view!
No target in view!
You open the door.
There is an open door here.
There is an open door here.
You see here a rat skeleton.
Things that are here:
a +0 spear of pain; a +0 robe Done exploring.
Done exploring.
You see here a jackal skeleton.
There is a stone staircase leading down here.
You climb downwards.
Found a whip.
There is a stone staircase leading up here.
Found a stone staircase leading up.
You open the door.
There is an open door here.
A hobgoblin comes into view.
Found an escape hatch in the ceiling.
You shoot a sling bullet. The sling bullet hits the hobgoblin.
The hobgoblin shouts!
The hobgoblin is severely wounded.
You shoot a sling bullet. The sling bullet hits the hobgoblin.
You kill the hobgoblin!
No target in view!
No target in view!
No target in view!
There is a shaft here.
A bat comes into view.
Found Unugosm's Antique Weapon Shop.
There is an escape hatch in the ceiling here.
You shoot a sling bullet. The sling bullet hits the bat.
You kill the bat!
You have reached level 3!
Your experience leads to a dramatic increase in your attributes!
Increase (S)trength, (I)ntelligence, or (D)exterity?
You feel agile. x4
Found a stone staircase leading down.
A quokka comes into view.
There is an entrance to Unugosm's Antique Weapon Shop here.
You shoot a sling bullet.
The sling bullet hits the quokka but does no damage.
You shoot a sling bullet.
The sling bullet closely misses the quokka.
You shoot a sling bullet. The sling bullet misses the quokka.
You shoot a sling bullet. The sling bullet hits the quokka.
The quokka is heavily wounded.
The quokka barely misses you.
You shoot a sling bullet. The sling bullet hits the quokka.
You kill the quokka!
You can access your shopping list by pressing '$'.
There is a fountain of clear blue water here.
d - 2 scrolls labelled SIRGHE WYKHARGH (gained 1)
You open the door.
There is an open door here.
An adder comes into view.
You shoot a sling bullet. The sling bullet misses the adder.
The adder hisses angrily.
You shoot a sling bullet. The sling bullet hits the adder.
The adder is heavily wounded.
A worm comes into view.
You shoot a sling bullet. The sling bullet hits the adder.
The adder is severely wounded.
You shoot a sling bullet. The sling bullet hits the adder.
You kill the adder!
Your Stealth skill increases to level 1!
You shoot a sling bullet. The sling bullet hits the worm.
The worm is lightly wounded.
You shoot a sling bullet. The sling bullet hits the worm.
The worm is moderately wounded.
You shoot a sling bullet. The sling bullet hits the worm.
The worm is heavily wounded.
You shoot a sling bullet. The sling bullet hits the worm.
The worm is heavily wounded.
The worm bites you.
You shoot a sling bullet. The sling bullet hits the worm.
The worm is heavily wounded.
You shoot a sling bullet. The sling bullet hits the worm.
The worm is almost dead.
The worm bites you but does no damage.
You shoot a sling bullet. The sling bullet hits the worm.
The worm is almost dead.
The worm misses you.
You shoot a sling bullet.
The sling bullet barely misses the worm.
The worm barely misses you.
You shoot a sling bullet. The sling bullet hits the worm!
You kill the worm!
No target in view!
No target in view!
HP restored.
You see here a worm corpse.
A bat comes into view.
You shoot a sling bullet.
The sling bullet hits the bat but does no damage.
You shoot a sling bullet. The sling bullet barely misses the bat.
The bat closely misses you. The bat hits you but does no damage.
You shoot a sling bullet. The sling bullet hits the bat!
You kill the bat!
No target in view!
A hobgoblin comes into view.
You see here a bat corpse.
You shoot a sling bullet. The sling bullet hits the hobgoblin.
The hobgoblin is severely wounded.
You shoot a sling bullet. The sling bullet hits the hobgoblin!
You kill the hobgoblin!
No target in view!
No target in view!
You now have 69 gold pieces (gained 15).
A hobgoblin and a giant cockroach come into view.
You shoot a sling bullet.
The sling bullet hits the giant cockroach.
You kill the giant cockroach!
The hobgoblin shouts!
You shoot a sling bullet.
The sling bullet closely misses the hobgoblin.
A bat comes into view.
You shoot a sling bullet. The sling bullet misses the bat.
The bat hits you but does no damage.
You shoot a sling bullet. The sling bullet hits the bat.
You kill the bat!
You shoot a sling bullet. The sling bullet hits the hobgoblin.
The hobgoblin is almost dead.
The hobgoblin closely misses you.
You shoot a sling bullet.
The sling bullet hits the hobgoblin but does no damage.
The hobgoblin is almost dead.
The hobgoblin closely misses you.
You shoot a sling bullet. The sling bullet hits the hobgoblin.
You kill the hobgoblin!
No target in view!
You see here a hobgoblin corpse.
You open the door.
Found an arbalest.
There is an open door here.
You see here a +0 arbalest.
l - a +0 arbalest Adjust to which letter? (? for menu, Esc to quit)
a - a +0 arbalest;
l - a +1 sling (weapon)
a - a +0 arbalest (weapon)
You open the door.
A ball python comes into view.
Found a ring mail.
You shoot a bolt. The bolt hits the ball python.
You kill the ball python!
There is an open door here.
A frilled lizard comes into view.
You shoot a bolt. The bolt hits the frilled lizard.
You kill the frilled lizard!
You see here a frilled lizard corpse.
You open the door.
There is an open door here.
An endoplasm comes into view.
You shoot a bolt. The endoplasm quivers.
The bolt hits the endoplasm!
You kill the endoplasm!
A kobold comes into view. It is wielding a +0 whip.
Found a stone staircase leading up.
You shoot a bolt. The bolt hits the kobold!
You kill the kobold!
A quokka comes into view.
A quokka is nearby!
You shoot a bolt. The bolt hits the quokka!
You kill the quokka!
You see here a quokka corpse.
As you open the door, it creaks loudly!
You hear a shout!
A goblin comes into view. It is wielding a +0 dagger.
The goblin shouts!
You shoot a bolt. The bolt barely misses the goblin.
You shoot a bolt. The bolt barely misses the goblin.
You shoot a bolt. The bolt hits the goblin.
You kill the goblin!
As you open the door, it creaks loudly!
No target in view!
i - 2 scrolls labelled JAGHIPH HIRPHO (gained 1)
You now have 75 gold pieces (gained 6).
k - 2 bubbling emerald potions (gained 1)
You now have 81 gold pieces (gained 6).
A ball python comes into view.
A ball python is nearby!
You shoot a bolt. The bolt hits the ball python!
You kill the ball python!
You see here a ball python corpse.
A kobold comes into view. It is wielding a +0 short sword.
You shoot a bolt. The bolt hits the kobold!
You kill the kobold!
A kobold comes into view. It is wielding a +1 whip of freezing.
The kobold shouts!
You shoot a bolt. The bolt closely misses the kobold.
You shoot a bolt. The bolt barely misses the kobold.
You shoot a bolt. The bolt hits the kobold!
You kill the kobold!
m - a bubbling brown potion You see here a +1 whip of freezing.
n - a +1 whip of freezing You open the door.
There is an open door here.
You open the door.
Found an escape hatch in the floor.
Found a stone staircase leading down.
There is an open door here.
o - a scroll labelled CUGAMU MAUGYUV You now have 85 gold pieces (gained 4).
Found a stone staircase leading down.
A rat comes into view.
You shoot a bolt. The bolt hits the rat!
You kill the rat!
There is a stone staircase leading down here.
p - a scroll labelled XENAELINAY An endoplasm comes into view.
You shoot a bolt. The bolt hits the endoplasm!!
You kill the endoplasm!
There is an open door here.
There is an open door here.
Things that are here:
a +0 dagger; a goblin skeleton You open the door.
There is an open door here.
A bat comes into view.
Found 7 stones.
You shoot a bolt. The bolt hits the bat!!
You kill the bat!
You now have 90 gold pieces (gained 5).
q - a scroll labelled KONWEA WULA
There is a stone staircase leading up here.
There is a stone staircase leading up here.
You open the door.
An adder comes into view.
You shoot a bolt. The bolt completely misses the adder.
The adder hisses angrily.
You shoot a bolt. The bolt closely misses the adder.
The adder bites you. The adder closely misses you.
Your +1 whip of freezing glows with a cold blue light!
n - a +1 whip of freezing (weapon)
The adder completely misses you.
You barely miss the adder. The adder closely misses you.
You closely miss the adder. The adder bites you.
You are poisoned.
The adder poisons you! The adder bites you.
You closely miss the adder.
You feel sick. The adder closely misses you.
You hit the adder.
The adder seems to slow down.
You freeze the adder.
The adder is moderately wounded.
You feel sick. The adder bites you.
You closely miss the adder. You punch the adder, but do no damage.
The adder is lightly wounded.
You feel sick. The adder bites you.
You are more poisoned.
The adder poisons you!
You hit the adder. You freeze the adder.
The adder is severely wounded.
You feel sick. The adder bites you.
You are more poisoned.
The adder poisons you!
You are too injured to fight recklessly!
It was a potion of heal wounds.
You feel much better.
You feel very sick.
The adder is no longer moving slowly.
The adder bites you.
You barely miss the adder.
The adder is severely wounded.
You feel sick. The adder closely misses you.
You closely miss the adder.
The adder is severely wounded.
You feel sick. The adder barely misses you. x2
You miss the adder. You punch the adder.
The adder is almost dead.
You feel sick. The adder bites you but does no damage.
You closely miss the adder.
The adder is almost dead.
You feel sick.
The adder bites you but does no damage. x2
You closely miss the adder.
The adder is almost dead.
You feel sick. The adder misses you.
You miss the adder.
The adder is almost dead.
You feel sick. The adder closely misses you. The adder bites you.
You are more poisoned.
The adder poisons you!
You hit the adder.
The adder seems to slow down.
You freeze the adder.
You kill the adder!
You feel sick.
You start resting.
You feel sick. x6
You are no longer poisoned.
You start resting.
HP restored.
Okay, then.
Your +1 whip of freezing stops glowing.
a - a +0 arbalest (weapon)
There is an open door here.
You see here an adder corpse.
There is an open door here.
You see here an adder corpse.
There is an open door here.
r - a sedimented emerald potion Done exploring.
Done exploring.
There is an open door here.
There is an open door here.
There is an open door here.
There is a stone staircase leading down here.
You climb downwards.
Found a club and 14 gold pieces.
There is a stone staircase leading up here.
You see here a +0 club.
You now have 104 gold pieces (gained 14).
Found 5 stones.
You now have 116 gold pieces (gained 12).
A frilled lizard comes into view.
You shoot a bolt. The bolt hits the frilled lizard.
You kill the frilled lizard!
A goblin comes into view. It is wielding a +0 dagger.
You shoot a bolt. The bolt hits the goblin.
The goblin shouts!
The goblin is moderately wounded.
The goblin hits you with a +0 dagger.
You shoot a bolt. The bolt hits the goblin!
You kill the goblin!
HP restored.
You see here a +0 dagger.
A rat comes into view.
You shoot a bolt. The bolt hits the rat!!
You kill the rat!
You now have 129 gold pieces (gained 13).
Found a scale mail.
A hobgoblin comes into view.
You shoot a bolt. The bolt hits the hobgoblin!
You kill the hobgoblin!
Found a stone staircase leading up.
Found a short sword.
There is a stone staircase leading up here.
You see here a +0 short sword.
You pick up a book of Vapours and begin reading...
You add the spells Poisonous Vapours, Cigotuvi's Dreadful Rot and Mephitic Cloud to your library. 2 orcs come into view.
The orc shouts!
You hear a shout!
You shoot a bolt. The orc shouts!
The bolt hits the orc.
The orc is lightly wounded.
An orc comes into view. It is wielding a +0 hand axe.
An endoplasm comes into view.
You shoot a bolt. The bolt closely misses the orc. x2
Terence the Incautious comes into view.
He is wielding a +0 flail and wearing a +1 ring mail of fire resistance.
You shoot a bolt.
Terence shouts!
The bolt hits the orc!
You kill the orc!
You have reached level 4!
You shoot a bolt. The bolt barely misses the orc.
The bolt barely misses Terence.
The bolt closely misses the orc.
A goblin comes into view. It is wielding a +0 dagger.
You shoot a bolt. The bolt closely misses the orc.
The goblin shouts!
The bolt hits Terence!
Terence is moderately wounded.
The orc hits you but does no damage.
You shoot a bolt. The bolt closely misses the orc.
The bolt hits Terence.
Terence is heavily wounded.
The orc hits you with a +0 hand axe. The orc barely misses you.
An orc comes into view. It is wielding a +0 short sword.
You shoot a bolt. The bolt closely misses the orc.
The bolt barely misses Terence.
The orc shouts!
The bolt hits the goblin!
You kill the goblin!
The orc hits you but does no damage. x2
You shoot a bolt. The bolt hits the orc.
The orc is heavily wounded.
The orc misses you. The orc closely misses you.
You shoot a bolt. The bolt closely misses the orc.
The bolt hits Terence.
Terence is severely wounded.
The orc barely misses you.
You shoot a bolt. The endoplasm quivers.
The bolt hits the orc.
You kill the orc!
The orc hits you with a +0 whip.
You shoot a bolt. The bolt barely misses the orc.
The bolt hits Terence.
Terence is severely wounded.
The orc misses you. The orc hits you with a +0 whip.
You shoot a bolt. The bolt barely misses the orc.
The bolt hits Terence!!
You kill Terence!
The orc hits you with a +0 whip. The orc closely misses you.
Your Ranged Weapons skill increases to level 3!
You shoot a bolt. The bolt hits the orc!
You kill the orc!
The endoplasm freezes you.
You are frozen.
You shoot a bolt. The bolt hits the endoplasm.
The endoplasm is severely wounded.
The endoplasm freezes you.
You are frozen.
You shoot a bolt. The bolt hits the endoplasm!
You kill the endoplasm!
The orc hits you with a +0 short sword.
You are too injured to fight recklessly!
Fire: a) +0 arbalest
Press: ? - help, Q - select action, (/) - cycle Shift-Dir - straight line, f - orc
Aim: an orc, wielding a +0 short sword (56% to hit)
You shoot a bolt. The bolt barely misses the orc.
The orc hits you with a +0 short sword. The orc barely misses you.
Fire: a) +0 arbalest
Press: ? - help, Q - select action, (/) - cycle Shift-Dir - straight line, f/p - orc
Aim: an orc, wielding a +0 short sword (56% to hit)
You shoot a bolt. The bolt barely misses the orc.
The orc hits you with a +0 short sword. The orc closely misses you.
Fire: a) +0 arbalest
Press: ? - help, Q - select action, (/) - cycle Shift-Dir - straight line, f/p - orc
Aim: an orc, wielding a +0 short sword (56% to hit)
You shoot a bolt. The bolt closely misses the orc.
The orc barely misses you.
Fire: a) +0 arbalest
Press: ? - help, Q - select action, (/) - cycle Shift-Dir - straight line, f/p - orc
Aim: an orc, wielding a +0 short sword (56% to hit)
You shoot a bolt. The bolt completely misses the orc.
The orc hits you with a +0 short sword. x2
* * * LOW HITPOINT WARNING * * *
Fire: a) +0 arbalest
Press: ? - help, Q - select action, (/) - cycle Shift-Dir - straight line, f/p - orc
Aim: an orc, wielding a +0 short sword (56% to hit)
You shoot a bolt. The bolt closely misses the orc.
The orc barely misses you. The orc closely misses you.
Fire: a) +0 arbalest
Press: ? - help, Q - select action, (/) - cycle Shift-Dir - straight line, f/p - orc
Aim: an orc, wielding a +0 short sword (56% to hit)
You shoot a bolt. The bolt hits the orc!!
You kill the orc!
You start resting.
HP restored.
d - 3 scrolls labelled SIRGHE WYKHARGH (gained 1)
Items here: ))) [ ††.
s - a fuming brown potion
Things that are here:
a +0 flail; a +1 ring mail of fire resistance
t - a +1 ring mail of fire resistance You now have 143 gold pieces (gained 14).
Things that are here:
a +0 dagger; a goblin corpse You now have enough gold to buy a glowing shortbow on D:2.
You can access your shopping list by pressing '$'.
You now have 152 gold pieces (gained 9).
Things that are here:
a +0 dagger; an orc corpse
Found a cloak.
You see here a +0 cloak.
u - a +0 cloak Search for what [? for help]? shop Search for what [Enter for "shop", or ? for help]?
v - a scroll labelled IFOS DACKOUCW
w - a fuming yellow potion An orc wizard comes into view.
It is wielding a +0 dagger.
You shoot a bolt. The bolt closely misses the orc wizard.
The orc wizard gestures wildly while chanting.
The orc wizard flickers and vanishes!
Deactivating autopickup; reactivate with Ctrl-A.
You hear a shout! x2
No target in view!
Fire: a) +0 arbalest
Press: ? - help, Q - select action, (/) - cycle Shift-Dir - straight line You shoot a bolt.
Something tries to affect you, but you resist.
Fire: a) +0 arbalest
Press: ? - help, Q - select action, (/) - cycle Shift-Dir - straight line
Okay, then.
Fire: a) +0 arbalest
Press: ? - help, Q - select action, (/) - cycle Shift-Dir - straight line You shoot a bolt.
You hear a shout!
Fire: a) +0 arbalest
Press: ? - help, Q - select action, (/) - cycle Shift-Dir - straight line You shoot a bolt.
Fire: a) +0 arbalest
Press: ? - help, Q - select action, (/) - cycle Shift-Dir - straight line You shoot a bolt.
Something hits you but does no damage. Something hits you.
Fire: a) +0 arbalest
Press: ? - help, Q - select action, (/) - cycle Shift-Dir - straight line You shoot a bolt.
You hear a shout! x2
Something hits you but does no damage.
An orc comes into view.
It is wielding a +0 flail of holy wrath.
The orc misses you. Something hits you but does no damage.
An orc and a kobold come into view.
The kobold shouts!
An orc wizard comes into view. It is wielding a +0 dagger.
The orc attacks as you move away!
The orc hits you with a +0 flail of holy wrath.
The orc attacks as you move away! The orc hits you with a +0 falchion.
The orc attacks as you move away! The orc closely misses you.
The orc attacks as you move away! The orc closely misses you.
The orc attacks as you move away! The orc closely misses you.
You shoot a bolt. The bolt hits the orc.
The orc is lightly wounded.
The orc barely misses you. x2
You shoot a bolt. The bolt hits the orc.
The orc is heavily wounded.
The orc misses you. The orc closely misses you.
You shoot a bolt. The bolt hits the orc!
You kill the orc!
The kobold throws a stone.
The stone closely misses you.
Your Dodging skill increases to level 3!
You shoot a bolt.
The bolt hits the kobold but does no damage.
An orc wizard appears from thin air!
Reactivating autopickup.
The kobold misses you.
You shoot a bolt. The bolt misses the kobold.
The bolt completely misses the orc wizard.
The bolt hits the orc but does no damage.
The kobold barely misses you. The kobold misses you.
You shoot a bolt. The bolt barely misses the kobold.
The bolt closely misses the orc.
The bolt closely misses the orc wizard.
The kobold barely misses you.
You shoot a bolt. The bolt closely misses the kobold.
The bolt closely misses the orc.
The bolt hits the orc wizard!
You kill the orc wizard!
You hear a shout!
The kobold misses you. The kobold hits you with a +0 whip.
You shoot a bolt. The bolt closely misses the kobold.
The bolt closely misses the orc.
The bolt hits the orc wizard but does no damage.
An orc comes into view. It is wielding a +0 dagger.
The kobold closely misses you. The kobold hits you with a +0 whip.
You shoot a bolt. The bolt hits the kobold!
You kill the kobold!
The orc closely misses you. x2
You shoot a bolt. The bolt hits the orc!
You kill the orc!
The orc hits you with a +0 flail of holy wrath.
The orc barely misses you.
You are too injured to fight recklessly!
You are too injured to fight recklessly!
Fire: a) +0 arbalest
Press: ? - help, Q - select action, (/) - cycle Shift-Dir - straight line, f - orc
Aim: an orc, wielding a +0 flail of holy wrath (56% to hit)
You shoot a bolt. The bolt hits the orc!
You kill the orc!
Fire: a) +0 arbalest
Press: ? - help, Q - select action, (/) - cycle Shift-Dir - straight line, f - orc wizard
Aim: an orc wizard, wielding a +0 dagger and wearing a +0 robe (47% to hit)
You shoot a bolt. The bolt hits the orc wizard.
The orc wizard is moderately wounded.
The orc wizard casts a spell.
The orc wizard flickers and vanishes!
Deactivating autopickup; reactivate with Ctrl-A.
Something barely misses you.
Fire: a) +0 arbalest
Press: ? - help, Q - select action, (/) - cycle Shift-Dir - straight line, f - you Really target yourself? [Y]es or [N]o only, please.
Really target yourself?
Okay, then.
Unknown command.
Fire: a) +0 arbalest
Press: ? - help, Q - select action, (/) - cycle Shift-Dir - straight line You shoot a bolt.
Something hits you.
You hear some strange, mumbled words.
A puff of flame appears from out of thin air!
The puff of flame hits you!
* * * LOW HITPOINT WARNING * * *
Okay, then.
You are now empty-handed.
You closely miss something. Something hits you but does no damage.
Unknown command.
Your +1 whip of freezing glows with a cold blue light!
n - a +1 whip of freezing (weapon)
Something hits you.
* * * LOW HITPOINT WARNING * * *
You barely miss something. Something hits you.
* * * LOW HITPOINT WARNING * * *
You barely miss something. Something hits you.
* * * LOW HITPOINT WARNING * * *
You hit something. You freeze something. Something hits you but does no damage.
You hit something. You freeze something. Something hits you.
* * * LOW HITPOINT WARNING * * *
You feel much better.
You hear some strange, mumbled words.
A magic dart appears from out of thin air!
The magic dart hits you.
You hit something but do no damage. Your punch misses something.
Something hits you but does no damage.
You closely miss something. Something hits you but does no damage.
You miss something. Something hits you.
You hit something. You freeze something. Something hits you. x2
You barely miss something.
You hear some strange, mumbled words.
A puff of flame appears from out of thin air!
The puff of flame hits you.
* * * LOW HITPOINT WARNING * * *
You barely miss something. Something hits you.
* * * LOW HITPOINT WARNING * * *
You barely miss something. Something hits you but does no damage.
You closely miss something. Something hits you.
* * * LOW HITPOINT WARNING * * *
You hit something. You freeze something.
Reactivating autopickup.
You feel a bit more experienced.
Your Fighting skill increases to level 2!
You have reached level 5!
Your +1 whip of freezing stops glowing.
a - a +0 arbalest (weapon)
Adjust to which letter? (? for menu, Esc to quit)
b - a +1 whip of freezing;
n - a scroll of poison You start resting.
HP restored.
You now have 161 gold pieces (gained 9).
Items here: ( )))) [ †.
Okay, then.
You see here a +0 dagger.
k - a ruby potion
Found a falchion.
An orc comes into view. It is wielding a +0 whip.
You shoot a bolt.
The bolt hits the orc but does no damage.
The orc shouts!
The orc throws a boomerang.
The boomerang barely misses you.
You shoot a bolt. The bolt hits the orc!
You kill the orc!
Things that are here:
a +0 whip; 3 boomerangs; an orc corpse A ball python comes into view.
You shoot a bolt. The bolt hits the ball python!
You kill the ball python!
An adder comes into view.
You shoot a bolt. The bolt hits the adder.
The adder hisses angrily.
The adder is moderately wounded.
You hear a shout! x2
You shoot a bolt. The bolt closely misses the adder.
You shoot a bolt. The bolt barely misses the adder.
The adder misses you. The adder bites you.
You shoot a bolt. The bolt barely misses the adder.
The adder bites you.
An orc comes into view. It is wielding a +0 flail.
The adder closely misses you. The orc closely misses you.
You shoot a bolt. The bolt misses the adder.
The adder closely misses you. The orc closely misses you.
The adder bites you but does no damage.
You shoot a bolt. The bolt closely misses the adder.
The bolt barely misses the orc.
The adder bites you. The adder bites you but does no damage.
Jessica the Apprentice Sorceress comes into view.
She is wielding a +0 dagger.
The adder completely misses you.
You shoot a bolt. The bolt hits the adder.
The adder is heavily wounded.
The adder barely misses you. The adder misses you.
You shoot a bolt. The bolt misses the adder.
The bolt hits the orc.
You kill the orc!
The adder bites you but does no damage. The adder barely misses you.
You shoot a bolt. The bolt hits the adder.
The adder is almost dead.
The adder misses you. The adder bites you but does no damage.
Jessica mumbles some strange words.
Jessica blinks!
You shoot a bolt. The bolt barely misses the adder.
The adder bites you.
You are poisoned.
The adder poisons you! The adder bites you. The adder barely misses you.
You shoot a bolt. The bolt barely misses the adder.
You feel sick. The adder bites you but does no damage.
The adder completely misses you.
You shoot a bolt. The bolt closely misses the adder.
The bolt barely misses Jessica.
You feel sick.
You are no longer poisoned.
The adder bites you.
You are poisoned.
The adder poisons you! The adder bites you but does no damage.
You shoot a bolt. The bolt hits the adder.
You kill the adder!
You feel sick. Jessica casts a spell at you.
You struggle to resist.
You shoot a bolt. The bolt hits Jessica!
You kill Jessica!
You feel sick.
No target in view!
No target in view!
You feel sick.
You are no longer poisoned.
Items here: ) [ ††.
k - 2 ruby potions (gained 1)
You now have 180 gold pieces (gained 19).
Items here: " ) [ †.
Found an escape hatch in the floor and an escape hatch in the ceiling.
Search for what [Enter for "shop", or ? for help]? d: Unknown command.
There is an escape hatch in the floor here.
A goblin comes into view. It is wielding a +0 club.
You shoot a bolt. The bolt hits the goblin!
You kill the goblin!
An orc comes into view. It is wielding a +0 war axe.
You shoot a bolt. The bolt hits the orc.
The orc is severely wounded.
You shoot a bolt.
The bolt hits the orc but does no damage.
The orc is severely wounded.
The orc hits you with a +0 war axe. The orc closely misses you.
You shoot a bolt. The bolt hits the orc!
You kill the orc!
Found a stone staircase leading down.
Found a stone staircase leading up.
There is a stone staircase leading up here.
You now have 185 gold pieces (gained 5).
Found 3 poisoned darts.
You see here 3 poisoned darts.
x - 3 poisoned darts A quokka comes into view.
You shoot a bolt. The bolt completely misses the quokka.
The quokka bites you.
You shoot a bolt. The bolt misses the quokka.
The quokka closely misses you. The quokka barely misses you.
You shoot a bolt. The bolt closely misses the quokka.
The quokka closely misses you.
The quokka bites you but does no damage.
You shoot a bolt. The bolt closely misses the quokka.
The quokka closely misses you. x2
You shoot a bolt. The bolt hits the quokka!!
You kill the quokka!
You see here a quokka corpse.
A rat comes into view.
You shoot a bolt. The bolt hits the rat!
You kill the rat!
A rat comes into view.
You shoot a bolt. The bolt hits the rat!!
You kill the rat!
You now have 196 gold pieces (gained 11).
d - 4 scrolls labelled SIRGHE WYKHARGH (gained 1)
You now have 211 gold pieces (gained 15).
You pick up a book of Minor Magic and begin reading...
You add the spells Magic Dart and Call Imp to your library.
Found a stone staircase leading down.
There is a stone staircase leading down here.
You now have 221 gold pieces (gained 10).
Found a stone staircase leading down.
You see here a +0 club.
You see here 5 stones.
You see here a +0 falchion.
Done exploring.
Done exploring.
You see here a +0 falchion.
There is an escape hatch in the floor here.
There is a stone staircase leading down here.
Search for what [Enter for "d:", or ? for help]? d: Done exploring.
You climb downwards.
Found a scroll labelled XENAELINAY.
There is a stone staircase leading up here.
p - 2 scrolls labelled XENAELINAY (gained 1)
There is a stone staircase leading up here.
You now have 230 gold pieces (gained 9).
y - a scroll labelled JOC MEREFA
There is a stone staircase leading up here.
Okay, then.
Unknown command.
Search for what [Enter for "d:", or ? for help]? shop Unknown command.
As you read the scroll labelled SIRGHE WYKHARGH, it crumbles to dust.
It is a scroll of identify.
g - a scroll of brand weapon
As you read the scroll of identify, it crumbles to dust.
o - a scroll of fear
As you read the scroll of identify, it crumbles to dust.
q - a scroll of enchant armour
As you read the scroll of identify, it crumbles to dust.
v - a scroll of magic mapping
Found a scale mail.
Found a dagger.
Found Ykkeudug's Armour Boutique.
You see here a +0 dagger.
There is an entrance to Ykkeudug's Armour Boutique here.
You can access your shopping list by pressing '$'.
Unknown command. 3 killer bees come into view.
Found a leather armour.
The killer bee buzzes angrily. x2
Okay, then.
You shoot a bolt. The bolt closely misses the killer bee.
The bolt barely misses the killer bee.
Really read the scroll of poison?
The air fills with toxic fumes!
As you read the scroll of poison, it crumbles to dust.
You shoot a bolt. The bolt barely misses the killer bee.
You shoot a bolt. The bolt hits the killer bee!
The killer bee is heavily wounded.
You shoot a bolt. The bolt misses the killer bee.
Fire: a) +0 arbalest
Press: ? - help, Q - select action, (/) - cycle Shift-Dir - straight line, f - killer bee, p - killer bee
Aim: a killer bee (26% to hit)
You shoot a bolt. The bolt misses the killer bee.
The bolt closely misses the killer bee.
The bolt closely misses the killer bee.
Fire: a) +0 arbalest
Press: ? - help, Q - select action, (/) - cycle Shift-Dir - straight line, f/p - killer bee
Aim: a killer bee (26% to hit)
You shoot a bolt. The bolt misses the killer bee. x2
The bolt hits the killer bee!
The killer bee is heavily wounded.
Fire: a) +0 arbalest
Press: ? - help, Q - select action, (/) - cycle Shift-Dir - straight line, f/p - killer bee
Aim: a killer bee (heavily wounded, 26% to hit)
You shoot a bolt.
The bolt closely misses the killer bee. x2
The bolt barely misses the killer bee.
Fire: a) +0 arbalest
Press: ? - help, Q - select action, (/) - cycle Shift-Dir - straight line, f/p - killer bee
Aim: a killer bee (heavily wounded, 26% to hit)
You shoot a bolt. The bolt hits the killer bee!!
You kill the killer bee!
Your Stealth skill increases to level 2!
Fire: a) +0 arbalest
Press: ? - help, Q - select action, (/) - cycle Shift-Dir - straight line, f/p - killer bee
Aim: a killer bee (heavily wounded, 26% to hit)
You shoot a bolt. The bolt closely misses the killer bee.
A killer bee comes into view.
Fire: a) +0 arbalest
Press: ? - help, Q - select action, (/) - cycle Shift-Dir - straight line, f - killer bee, p - killer bee
Aim: a killer bee (wandering, hasn't noticed you, 26% to hit)
You shoot a bolt. The killer bee buzzes angrily.
The bolt hits the killer bee!
You kill the killer bee!
Fire: a) +0 arbalest
Press: ? - help, Q - select action, (/) - cycle Shift-Dir - straight line, f/p - killer bee
Aim: a killer bee (26% to hit)
You shoot a bolt. The bolt misses the killer bee.
The killer bee stings you.
Your +1 whip of freezing glows with a cold blue light!
b - a +1 whip of freezing (weapon)
The killer bee barely misses you.
Unknown command.
Casting: Slow (safe; 9% risk of failure)
Confirm with . or Enter, or press ? or * to list all spells.
Aiming: Slow (safe; 9% risk of failure)
Press: ? - help, Shift-Dir - straight line, f - killer bee, p - killer bee
Aim: a killer bee (chance to affect: 50%)
The killer bee seems to slow down.
The killer bee barely misses you.
You closely miss the killer bee. The killer bee barely misses you.
You hit the killer bee. You freeze the killer bee.
The killer bee is lightly wounded.
The killer bee stings you!
You are poisoned.
The killer bee poisons you! The killer bee barely misses you.
You completely miss the killer bee.
The killer bee is lightly wounded.
You feel very sick. The killer bee barely misses you.
You hit the killer bee. You freeze the killer bee.
The killer bee is heavily wounded.
You feel sick. The killer bee barely misses you. The killer bee stings you.
It was a potion of curing.
You feel better. The killer bee misses you.
You miss the killer bee.
The killer bee is heavily wounded.
The killer bee is no longer moving slowly.
The killer bee barely misses you.
You hit the killer bee. You freeze the killer bee.
The killer bee is severely wounded.
The killer bee barely misses you. The killer bee stings you.
Casting: Slow (safe; 9% risk of failure)
Confirm with . or Enter, or press ? or * to list all spells.
Aiming: Slow (safe; 9% risk of failure)
Press: ? - help, Shift-Dir - straight line, f/p - killer bee
Aim: a killer bee (severely wounded, chance to affect: 50%)
The killer bee resists with some effort.
The killer bee stings you. The killer bee stings you!
Casting: Slow (safe; 9% risk of failure)
Confirm with . or Enter, or press ? or * to list all spells.
Aiming: Slow (safe; 9% risk of failure)
Press: ? - help, Shift-Dir - straight line, f/p - killer bee
Aim: a killer bee (severely wounded, chance to affect: 50%)
The killer bee resists with some effort.
The killer bee barely misses you. The killer bee closely misses you.
You hit the killer bee. You freeze the killer bee.
The killer bee is severely wounded.
The killer bee stings you!
* * * LOW HITPOINT WARNING * * *
You are poisoned.
The killer bee poisons you! The killer bee barely misses you.
The killer bee misses you.
You feel better. The killer bee barely misses you. The killer bee stings you.
It was a potion of might.
You feel very mighty all of a sudden. The killer bee stings you!
* * * LOW HITPOINT WARNING * * *
The killer bee stings you.
* * * LOW HITPOINT WARNING * * *
You barely miss the killer bee.
The killer bee is severely wounded.
The killer bee barely misses you. x2
You miss the killer bee.
The killer bee is severely wounded.
The killer bee stings you.
* * * LOW HITPOINT WARNING * * *
You are lethally poisoned!
The killer bee poisons you! The killer bee closely misses you.
It was a potion of cancellation.
Your magical effects are unravelling.
You feel magically purged.
You feel a little less mighty now.
You die...

Skill      XL: |  1  2  3  4  5 |
---------------+----------------+-----
Fighting       | 1 2 |  2.3
Ranged Weapons | 2 3 |  3.7
Dodging        | 2 3 |  3.6
Stealth        | 1 2 |  2.1
Spellcasting   | |  1.0
Hexes          | |  2.6

Action                     |  1- 3 |  4- 6 || total
---------------------------+-------+-------++-------
  Melee: Whip              |    13 |    22 ||    35
         Punch             |     2 |       ||     2
         Unarmed           |       |     1 ||     1
   Fire: Sling             |   108 |       ||   108
         Arbalest          |    26 |    76 ||   102
   Cast: Slow              |       |     3 ||     3
    Use: Potion            |     1 |     5 ||     6
         Scroll            |       |     5 ||     5
 Armour: Robe              |    18 |    18 ||    36
  Dodge: Dodged            |    39 |    66 ||   105

Levels and vault maps discovered:
D:1:      ebering_hopf_link, layout_basic, minmay_misc_feat_doors,
          minmay_tetromino_i4
D:2:      layout_basic, serial_shops, shop_fountains
D:3:      layout_loops_ring, uniq_jessica, uniq_terence
D:4:      corexii_shack_village, layout_loops_ring,
          nicolae_hepliaklqana_hippocampus, serial_shops, shop, uniq_ijyb

Notes
Turn   | Place    | Note
-------+----------+-------------------------------------------
     0 | D:1      | scionoferis the Demigod Hexslinger began the quest for the
                  | Orb.
     0 | D:1      | Reached XP level 1. HP: 15/15 MP: 4/4
    18 | D:1      | Reached skill level 1 in Fighting
    50 | D:1      | Reached skill level 2 in Ranged Weapons
    64 | D:1      | Reached skill level 2 in Dodging
   144 | D:1      | Reached XP level 2. HP: 23/23 MP: 5/5
   634 | D:2      | Found Unugosm's Antique Weapon Shop.
   636 | D:2      | Reached XP level 3. HP: 28/28 MP: 6/6
   683 | D:2      | Reached skill level 1 in Stealth
  1678 | D:3      | Noticed Terence
  1680 | D:3      | Reached XP level 4. HP: 35/35 MP: 8/8
  1688 | D:3      | Killed Terence
  1689 | D:3      | Reached skill level 3 in Ranged Weapons
  1894 | D:3      | Reached skill level 3 in Dodging
  1921 | D:3      | Reached skill level 2 in Fighting
  1921 | D:3      | Reached XP level 5. HP: 7/41 MP: 9/9
  2120 | D:3      | Noticed Jessica
  2128 | D:3      | Killed Jessica
  2650 | D:4      | Found Ykkeudug's Armour Boutique.
  2669 | D:4      | Reached skill level 2 in Stealth
  2686 | D:4      | HP: 2/41 [killer bee (5)]
  2689 | D:4      | Succumbed to a killer bee's poison

Vanquished Creatures
  2 killer bees (D:4)
  Terence (D:3)
  Jessica (D:3)
  2 orc wizards (D:3)
  3 adders (D:2 D:3)
  A worm (D:2)
  2 dart slugs (D:1)
  10 orcs (D:3)
  7 bats (D:1 D:2)
  5 endoplasms (D:1 D:2 D:3)
  5 giant cockroaches (D:1 D:2)
  6 goblins (D:1 D:2 D:3)
  6 hobgoblins (D:1 D:2 D:3)
  3 jackals (D:1)
  3 quokkas (D:2 D:3)
  4 ball pythons (D:1 D:2 D:3)
  3 frilled lizards (D:1 D:2 D:3)
  7 kobolds (D:1 D:2 D:3)
  6 rats (D:1 D:2 D:3)
77 creatures vanquished.

Vanquished Creatures (others)
  A plant (D:4)
1 creature vanquished.

Grand Total: 78 creatures vanquished

Table legend: (Time is in decaauts)
 A = Elapsed time spent in this place.
 B = Non-inter-level travel time spent in this place.
 C = Inter-level travel time spent in this place.
 D = Time resting spent in this place.
 E = Time spent auto-exploring this place.
 F = Levels seen in this place.
 G = Mean time per level.
                   A        B        C        D        E       F      G
               +--------+--------+--------+--------+--------+-----+--------+
         Total |   2797 |   2683 |    114 |    314 |   1814 |   4 |  699.2 |
       Dungeon |   2797 |   2683 |    114 |    314 |   1814 |   4 |  699.2 |
               +--------+--------+--------+--------+--------+-----+--------+

Top non-repeatable levels by time:
     D:3: 1073 daAuts
     D:2: 987 daAuts
     D:1: 637 daAuts
     D:4: 100 daAuts

Table legend:
 A = Non-vault XP
 B = Vault XP
 C = Vault XP percentage of total XP
 D = Non-vault monster count
 E = Vault monster count
 F = Vault count percentage of total count
                 A         B        C        D         E       F
            +---------+---------+-------+---------+---------+-------
      Total |     359 |      83 |  18.8 |      72 |       5 |   6.5
            +---------+---------+-------+---------+---------+-------
        D:1 |      37 |       8 |  17.8 |      22 |       3 |  12.0
        D:2 |      64 |       0 |   0.0 |      23 |       0 |   0.0
        D:3 |     132 |      75 |  36.2 |      25 |       2 |   7.4
        D:4 |     126 |       0 |   0.0 |       2 |       0 |   0.0
            +---------+---------+-------+---------+---------+-------
